[Event "Team 45 45 League 2006 Invitational"]
[Site "Internet Chess Club"]
[Date "2006.11.27"]
[Round "4"]
[White "BraafPaard"]
[Black "AlPearson"]
[Result "1-0"]
[WhiteElo "1537"]
[BlackElo "1459"]
[TimeControl "2700+45"]

1. e4 e6 2. d3 d5 3. Nd2 Nf6 4. e5 Nfd7 5. d4 c5 6. c3 Nc6 7. Ngf3 Qb6 8. Nb3 cxd4 9. cxd4 f6 10. exf6 gxf6 11. Be2 Bb4+ 12. Bd2 e5 13. O-O O-O 14. Bxb4 Qxb4 15. dxe5 Ndxe5 16. Qxd5+ Kh8 17. Nxe5 Nxe5 18. Qc5 Qxc5 19. Nxc5 b6 20. Ne4 Bb7 21. Nd6 Bd5 22. Rfd1 Be6 23. f4 Ng6 24. f5 {Black resigns} 1-0

[Event "Team 45 45 League 2006 Invitational"]
[Site "Internet Chess Club"]
[Date "2006.11.27"]
[Round "4"]
[White "RD1974"]
[Black "Sean"]
[Result "1/2-1/2"]
[WhiteElo "1642"]
[BlackElo "1577"]
[TimeControl "2700+45"]

1. e4 e6 2. d3 d5 3. Nd2 Nf6 4. g3 c6 5. Bg2 Nbd7 6. Nh3 d4 7. f4 e5 8. Nc4 Qc7 9. O-O Be7 10. fxe5 Nxe5 11. Bf4 Nfd7 12. Nxe5 Nxe5 13. c3 c5 14. cxd4 cxd4 15. Rc1 Qd6 16. Qa4+ Bd7 17. Qa5 f6 18. Ng5 h6 19. Nf3 b6 20. Bxe5 fxe5 21. Qxe5 O-O 22. Qxd4 Qxd4+ 23. Nxd4 Bc5 24. Rxc5 bxc5 25. Nb3 Rxf1+ 26. Kxf1 Rc8 27. Ke2 c4 28. Nd4 cxd3+ 29. Kxd3 Rd8 30. Ke3 Rb8 31. b3 Rb4 32. e5 Rb6 33. a4 Kf7 34. Bd5+ Ke7 35. Kd3 Rg6 36. a5 Rg5 37. Ke4 g6 38. Nc6+ Bxc6 39. Bxc6 Rf5 40. b4 Rf2 41. h4 Rb2 42. b5 Rb4+ 43. Kd5 Rb1 44. Ke4 Re1+ 45. Kf4 Rf1+ 46. Bf3 Rb1 47. Be2 Rb4+ 48. Ke3 Ke6 49. g4 Kxe5 50. h5 g5 51. a6 Rb3+ 52. Kf2 Kd4 53. Bf1 Kc5 54. Be2 Rxb5 55. Bxb5 Kxb5 56. Ke3 Kxa6 57. Ke4 Kb5 58. Kf5 a5 59. Kg6 a4 60. Kxh6 a3 61. Kxg5 a2 62. h6 a1=Q 63. Kh5 Qh8 64. g5 Kc6 65. g6 Qe5+ 66. Kg4 Qe6+ 67. Kg5 Qe5+ 68. Kg4 Qe4+ 69. Kg5 Qg2+ 70. Kf6 Qf3+ 71. Kg7 Qc3+ 72. Kg8 Qc4+ 73. Kh8 Qd4+ 74. g7 Qf6 75. Kh7 Qf7 76. Kh8 Qf6 77. Kh7 Qf5+ 78. Kh8 Qf6 79. Kh7 Qf5+ 80. Kh8 Qf6 {Game drawn by repetition} 1/2-1/2

[Event "Team 45 45 League 2006 Invitational"]
[Site "Internet Chess Club"]
[Date "2006.11.27"]
[Round "4"]
[White "JohnnySP"]
[Black "SpikeyJ"]
[Result "1/2-1/2"]
[WhiteElo "1870"]
[BlackElo "2019"]
[TimeControl "2700+45"]

1. e4 d6 2. d4 Nf6 3. Nc3 g6 4. f4 Bg7 5. Nf3 c5 6. Bb5+ Bd7 7. e5 Ng4 8. Bxd7+ Qxd7 9. d5 dxe5 10. h3 e4 11. hxg4 exf3 12. Qxf3 Na6 13. Bd2 O-O-O 14. O-O-O Nc7 15. Be1 Bd4 16. Bf2 Bxf2 17. Qxf2 Qxg4 18. Rh4 Qd7 19. Qxc5 b6 20. Qc4 Kb8 21. a4 Ne8 22. Nb5 Rc8 23. Qd4 Nd6 24. Nxd6 Qxd6 {Game drawn by mutual agreement} 1/2-1/2

[Event "Team 45 45 League 2006 Invitational"]
[Site "Internet Chess Club"]
[Date "2006.11.27"]
[Round "4"]
[White "Invicta-Knight"]
[Black "Aquaman"]
[Result "0-1"]
[WhiteElo "1543"]
[BlackElo "1507"]
[TimeControl "2700+45"]

1. e4 d5 2. exd5 Qxd5 3. Nc3 Qa5 4. d4 c6 5. Bd2 Bf5 6. Nf3 Nf6 7. Qc1 Nbd7 8. Bc4 e6 9. O-O Be7 10. Nd5 Qd8 11. Ne3 Be4 12. Ng5 Bd5 13. Nxd5 cxd5 14. Bd3 O-O 15. Qd1 Rc8 16. Re1 h6 17. Nf3 a6 18. Ne5 Nh7 19. Bxh6 gxh6 20. Qg4+ Kh8 21. Bg6 Nxe5 22. Rxe5 Rg8 23. Qf3 fxg6 24. Qf7 Ng5 25. Qf4 Rf8 26. Qh4 Nf3+ {White resigns} 0-1

[Event "Team 45 45 League 2006 Invitational"]
[Site "Internet Chess Club"]
[Date "2006.11.27"]
[Round "4"]
[White "fabill"]
[Black "Conjurer"]
[Result "0-1"]
[WhiteElo "1191"]
[BlackElo "1335"]
[TimeControl "2700+45"]

1. d4 Nf6 2. h3 e6 3. a3 d5 4. Nf3 c5 5. Nc3 cxd4 6. Qxd4 Nc6 7. Qd1 a6 8. e3 b5 9. Bd2 Bb7 10. Bd3 Bd6 11. Ne2 Rc8 12. Bc3 O-O 13. Ned4 e5 14. Nf5 e4 15. Nxd6 Qxd6 16. Be2 exf3 17. Bxf3 Ne4 18. Bd4 Qe7 19. b4 Nxd4 20. Qxd4 Rc4 21. Qd3 Rfc8 22. Rc1 Ng5 23. Bg4 R8c7 24. O-O d4 25. Rfe1 g6 26. exd4 Qd6 27. Re8+ Kg7 28. d5 Qxd5 29. Qe2 Qxg2# {White checkmated} 0-1

[Event "Team 45 45 League 2006 Invitational"]
[Site "Internet Chess Club"]
[Date "2006.11.27"]
[Round "4"]
[White "fredd"]
[Black "MPknight"]
[Result "0-1"]
[WhiteElo "1593"]
[BlackElo "1653"]
[TimeControl "2700+45"]

1. e4 c5 2. Nc3 Nc6 3. Nf3 d6 4. Bc4 Nf6 5. d3 e6 6. Bg5 Be7 7. O-O Nd7 8. Be3 Na5 9. b3 Nxc4 10. bxc4 O-O 11. Ne2 e5 12. Qd2 f5 13. exf5 Rxf5 14. Ng3 Rf8 15. Ne4 Nf6 16. h3 Bxh3 17. Nxf6+ Rxf6 18. Ng5 Bxg2 19. Kxg2 Rg6 20. Kf3 Bxg5 21. Bxg5 Rxg5 22. Rg1 Rf5+ 23. Ke2 Qh4 24. Raf1 Raf8 25. f3 Rxf3 26. Rxg7+ Kxg7 27. Rg1+ Kh8 28. Rg8+ Kxg8 {White resigns} 0-1

[Event "Team 45 45 League 2006 Invitational"]
[Site "Internet Chess Club"]
[Date "2006.11.27"]
[Round "4"]
[White "GadsHill"]
[Black "FiendAngelical"]
[Result "1-0"]
[WhiteElo "1551"]
[BlackElo "1589"]
[TimeControl "2700+45"]

1. d4 d5 2. c4 c6 3. Nf3 Nf6 4. Qc2 a6 5. Bf4 Nbd7 6. e3 e6 7. cxd5 exd5 8. Nc3 b5 9. Bd3 Bb7 10. Ne2 c5 11. dxc5 Bxc5 12. O-O Rc8 13. Qd2 O-O 14. Ned4 Ne4 15. Qe2 Bb4 16. Rac1 Ndc5 17. Bb1 Qe7 18. a3 g5 19. axb4 gxf4 20. bxc5 Nxc5 21. exf4 Qf6 22. Qe5 {Black resigns} 1-0

[Event "Team 45 45 League 2006 Invitational"]
[Site "Internet Chess Club"]
[Date "2006.11.27"]
[Round "4"]
[White "tammany"]
[Black "RingLord"]
[Result "1-0"]
[WhiteElo "1641"]
[BlackElo "1691"]
[TimeControl "2700+45"]

1. e4 c5 2. Nf3 e6 3. d4 cxd4 4. Nxd4 Nf6 5. Nc3 d6 6. Be3 Be7 7. Be2 O-O 8. g4 d5 9. e5 Ne4 10. Nxe4 dxe4 11. Qd2 Nd7 12. O-O-O Nxe5 13. Qc3 Bg5 14. Nxe6 Bxe3+ 15. fxe3 Qe7 16. Nxf8 Kxf8 17. h3 Nc6 18. Rhf1 Be6 19. Bc4 Rc8 20. Bxe6 Qxe6 21. Qb3 Qxb3 22. axb3 Nb4 23. Rd2 Ke7 24. Kb1 Rc6 25. Rd4 Nxc2 26. Rxe4+ Kf8 27. Rc1 {Black resigns} 1-0

[Event "Team 45 45 League 2006 Invitational"]
[Site "Internet Chess Club"]
[Date "2006.11.28"]
[Round "4"]
[White "Havoc"]
[Black "jharris8000"]
[Result "1-0"]
[WhiteElo "1577"]
[BlackElo "1463"]
[TimeControl "2700+45"]

1. e4 e6 2. d4 d5 3. Nc3 Nf6 4. Bg5 Be7 5. e5 Nfd7 6. Bxe7 Qxe7 7. f4 O-O 8. Nf3 a6 9. Bd3 c5 10. Bxh7+ Kh8 11. Ng5 g6 12. h4 Kg7 13. h5 Rh8 14. hxg6 fxg6 15. Qg4 Nf8 16. f5 exf5 17. Qh4 Nxh7 18. Qxh7+ Rxh7 19. Rxh7+ Kf8 20. Rxe7 Kxe7 21. Nxd5+ Kd8 22. Nf7+ Ke8 23. Nd6+ Kd8 24. Nb6 {Black resigns} 1-0

[Event "Team 45 45 League 2006 Invitational"]
[Site "Internet Chess Club"]
[Date "2006.11.25"]
[Round "4"]
[White "Zyme"]
[Black "charles-allen"]
[Result "0-1"]
[WhiteElo "1481"]
[BlackElo "1689"]
[TimeControl "2700+45"]

1. d4 d5 2. c4 e6 3. Nc3 c5 4. Nf3 cxd4 5. Nxd4 dxc4 6. e3 e5 7. Nf3 Qxd1+ 8. Nxd1 Bb4+ 9. Bd2 Bxd2+ 10. Kxd2 Nc6 11. Bxc4 Nge7 12. Nc3 O-O 13. Rhd1 Bg4 14. h3 Bh5 15. Ke2 Rfd8 16. g4 Bg6 17. a3 a6 18. Nd5 Nxd5 19. Bxd5 Bc2 20. Rd2 Ba4 21. Bxc6 Rxd2+ 22. Kxd2 Rd8+ 23. Ke1 Bxc6 24. Nxe5 Bb5 25. Rd1 Rc8 26. Nd3 f6 27. Rc1 Rxc1+ 28. Nxc1 Kf7 29. Nb3 Ke7 30. Nd4 Bd7 31. Kd2 Kd6 32. Kc3 Kd5 33. Kd3 h5 34. Nf5 Bxf5+ 35. gxf5 Ke5 36. e4 Kf4 37. b3 Kf3 38. a4 h4 39. b4 Kxf2 40. Kd2 Kg3 41. Ke3 Kxh3 42. Kf3 b6 43. a5 b5 44. Kf2 Kg4 45. Kg2 h3+ 46. Kh2 Kh4 47. Kh1 Kg3 48. Kg1 Kf3 49. Kh2 Kxe4 50. Kxh3 Kxf5 51. Kg3 g5 52. Kf3 Ke5 53. Kg4 Ke4 54. Kg3 f5 55. Kg2 f4 56. Kf2 g4 57. Kg2 Ke3 58. Kg1 Ke2 59. Kg2 f3+ 60. Kg1 f2+ 61. Kh1 f1=Q+ 62. Kh2 Qf4+ 63. Kg2 g3 64. Kh1 Qh4+ 65. Kg2 Qh2# {White checkmated} 0-1

[Event "Team 45 45 League 2006 Invitational-friendly"]
[Site "Internet Chess Club"]
[Date "2006.11.30"]
[Round "4"]
[White "Orforded"]
[Black "gilalva"]
[Result "0-1"]
[WhiteElo "1322"]
[BlackElo "1279"]
[TimeControl "2700+45"]

1. e4 e5 2. Nf3 Nc6 3. d4 d5 4. Nc3 Bb4 5. Nxe5 Nge7 6. Be2 Bxc3+ 7. bxc3 dxe4 8. O-O O-O 9. f3 Be6 10. fxe4 Nxe5 11. dxe5 Qxd1 12. Rxd1 b6 13. Be3 a6 14. Rf1 Nc6 15. Bf4 Na5 16. Rad1 h6 17. Bg3 f5 18. exf5 Bxf5 19. Bd3 Bg4 20. Rxf8+ Rxf8 21. Re1 Be6 22. a3 Nc4 23. Bxc4 Bxc4 24. e6 c6 25. e7 Re8 26. h4 Kf7 27. Bd6 b5 28. g3 Be6 29. Kf2 g6 30. Re3 h5 31. Rf3+ Bf5 32. g4 hxg4 33. Rf4 Ke6 34. Bc5 Kd5 35. Rd4+ Kxc5 36. Rf4 Rxe7 37. h5 Re4 38. Rxe4 Bxe4 39. h6 g5 40. Ke3 Bxc2 41. Kf2 Bh7 42. Kg3 Bf5 43. Kf2 Kc4 44. Ke3 Kxc3 45. Kf2 a5 46. Ke1 b4 47. axb4 axb4 48. Kd1 b3 49. Kc1 g3 50. Kd1 g2 51. Ke2 g1=R 52. h7 Bxh7 53. Kf2 Ra1 54. Kg3 Rf1 55. Kg2 Rf8 56. Kg3 g4 57. Kxg4 Bg6 58. Kg5 Rf1 59. Kxg6 Rf2 60. Kg5 Kd4 61. Kg4 Ke5 62. Kg3 Rf7 63. Kg2 Rf4 64. Kg3 Kf5 65. Kg2 Kg6 66. Kg3 Rf7 67. Kg2 Rf8 68. Kg3 Kg5 69. Kg2 Kg4 70. Kg1 Kg3 71. Kh1 Rf1# {White checkmated} 0-1

[Event "Team 45 45 League 2006 Invitational"]
[Site "Internet Chess Club"]
[Date "2006.12.02"]
[Round "4"]
[White "Flying-Tiger"]
[Black "camembert"]
[Result "1/2-1/2"]
[WhiteElo "1896"]
[BlackElo "1927"]
[TimeControl "2700+45"]

1. e4 e5 2. Nf3 Nc6 3. d4 exd4 4. Bc4 Bc5 5. c3 Nf6 6. cxd4 Bb4+ 7. Bd2 Bxd2+ 8. Nbxd2 d5 9. exd5 Nxd5 10. Qb3 Na5 11. Qa4+ Nc6 12. Ne5 O-O 13. Bxd5 Nxe5 14. Be4 Ng4 15. O-O Qd6 16. Nf3 Nf6 17. Qc2 c6 18. Rfe1 Bg4 19. Ne5 Nxe4 20. Nxg4 Nf6 21. Nxf6+ Qxf6 22. Rad1 Rfd8 23. Qc5 b6 24. Qe5 Qd6 25. Qxd6 Rxd6 26. Rc1 Kf8 27. Rcd1 Rad8 28. Re4 c5 29. Kf1 Rxd4 30. Rexd4 cxd4 31. Ke2 Ke7 32. Kd3 Ke6 33. Re1+ Kf6 {Game drawn by mutual agreement} 1/2-1/2

[Event "Team 45 45 League 2006 Invitational"]
[Site "Internet Chess Club"]
[Date "2006.12.02"]
[Round "4"]
[White "BaroneRosso"]
[Black "baumhauer"]
[Result "0-1"]
[WhiteElo "2061"]
[BlackElo "2041"]
[TimeControl "2700+45"]

1. d4 Nf6 2. c4 e6 3. Nf3 d5 4. Bg5 Be7 5. Nc3 h6 6. Bh4 O-O 7. e3 b6 8. Rc1 Nbd7 9. Qd2 Ba6 10. Ne5 Nxe5 11. dxe5 Ne4 12. Bxe7 Qxe7 13. Nxe4 dxe4 14. Be2 Qg5 15. O-O Qxe5 16. Rfd1 c5 17. Qc2 Bb7 18. Rd2 Rad8 19. Rcd1 Qc7 20. g3 Bc6 21. Bf1 f5 22. h4 Rxd2 23. Qxd2 Rf7 24. Qd8+ Kh7 25. Qxc7 Rxc7 26. Rd6 Bd7 27. Be2 Kg6 28. Kf1 Kf6 29. a3 Ke5 30. Rd2 Ba4 31. Ke1 Rd7 32. Rxd7 Bxd7 33. Kd2 Bc6 34. b4 cxb4 35. axb4 Kd6 36. Kc3 g5 37. hxg5 hxg5 38. b5 Be8 39. Kb4 Bf7 40. Bf1 Bh5 41. Bh3 Be2 42. Bg2 g4 43. Kb3 Kc5 {White resigns} 0-1